 Dungeon Crawl Stone Soup version 0.24.0-123-gd5b16e6ec5 (webtiles) character file.

Game seed: 15245999238194163850, levelgen mode: deterministic

2594 Iamsoldier the Fighter (level 9, 0/90 HPs)
             Began as a Gargoyle Fighter on Dec 18, 2019.
             Was a Believer of Okawaru.
             Slain by a killer bee (5 damage)
             ... on level 6 of the Dungeon.
             The game lasted 00:08:52 (6455 turns).

Iamsoldier the Fighter (Gargoyle Fighter)           Turns: 6455, Time: 00:08:52

Health: 0/90       AC: 24    Str: 23    XL:     9   Next: 58%
Magic:  9/9        EV:  2    Int:  9    God:    Okawaru [**....]
Gold:   195        SH: 10    Dex:  9    Spells: 8/8 levels left

rFire    . . .     SeeInvis .   a - +0 flail
rCold    . . .     Gourm    .   c - +0 shield
rNeg     + + +     Faith    .   (armour currently unavailable)
rPois    ∞         Spirit   .   (helmet currently unavailable)
rElec    .         Reflect  .   (cloak currently unavailable)
rCorr    .         Harm     .   (gloves currently unavailable)
MR       .....     NoTele   +   (boots currently unavailable)
Stlth    +.........             (no amulet)
HPRegen  0.25/turn              (no ring)
MPRegen  0.11/turn              (no ring)

@: tree-form (expiring)
A: negative energy resistance 1, petrification resistance, rot immunity, AC +6
a: Heroism, Renounce Religion


You were on level 6 of the Dungeon.
You worshipped Okawaru.
Okawaru was pleased with you.
You were not hungry.
You were a tree.
You visited 2 branches of the dungeon, and saw 8 of its levels.

You collected 195 gold pieces.

Inventory:

Hand Weapons
 a - a +0 flail (weapon)
Armour
 b - a +0 scale mail
 c - a +0 shield (worn)
 e - a +0 chain mail (melded)
 w - a scarf of cloud immunity (melded)
Jewellery
 r - the ring "Dyanutz" {rC+ Int+3 Stlth-, unknown}
   (You found it on level 5 of the Dungeon)

   [ring of attention]

   It affects your intelligence (+3).
   It protects you from cold.
   It makes you less stealthy.
 y - an uncursed ring of poison resistance {unknown}
Scrolls
 g - 5 scrolls of remove curse {unknown}
 j - 4 scrolls of teleportation {unknown}
 k - 5 scrolls of identify {unknown}
 l - a scroll of amnesia {unknown}
 m - 2 scrolls of enchant armour {unknown}
 n - a scroll of random uselessness {unknown}
 p - a scroll of fog {unknown}
 t - a scroll of magic mapping {unknown}
 u - a scroll of immolation {unknown}
 v - a scroll of blinking {unknown}
 z - a scroll of noise {unknown}
Potions
 d - a potion of mutation {unknown}
 h - a potion of invisibility {unknown}
 i - a potion of resistance {unknown}
 o - 2 potions of lignification
 q - a potion of degeneration {unknown}
 s - a potion of flight
 A - a potion of heal wounds
Comestibles
 f - 5 rations


   Skills:
 * Level 8.7 Fighting
 * Level 7.6 Maces & Flails
 + Level 6.5 Armour
 + Level 6.5 Shields


You had 8 spell levels left.
You didn't know any spells.
Your spell library contained the following spells:

 Spells                   Type           Power        Failure   Level  Hunger
 Magic Dart               Conj           #...         77%         1    ##.....
 Blink                    Tloc           N/A          88%         2    ###....
 Call Imp                 Summ           #.......     88%         2    ###....
 Slow                     Hex            #.......     88%         2    ###....
 Conjure Flame            Conj/Fire      #.......     98%         3    ####...
 Mephitic Cloud           Conj/Pois/Air  #.......     98%         3    ####...


Dungeon Overview and Level Annotations

Branches:
Dungeon (7/15)             Temple (1/1) D:4

Altars:
Ashenzari
Cheibriados
Dithmenos
Elyvilon
Fedhas
Gozag
Makhleb
Nemelex Xobeh
Okawaru
Qazlal
Ru
Trog
Wu Jian
The Shining One
Lugonu


Innate Abilities, Weirdness & Mutations

You are resistant to torment.
((Your stone body is resilient. (AC +6)))
You are immune to poison.
You resist negative energy. (rN+)
((You are resistant to electric shocks. (rElec)))
((You can survive without breathing.))
You are immune to petrification.
You are immune to rotting.


Message History

The killer bee stings you but does no damage.
The bullfrog swells and bulges.
The bullfrog hits you.
* * * LOW HITPOINT WARNING * * *
The killer bee barely misses you.
You barely miss the killer bee.
The killer bee is almost dead.
The killer bee stings you but does no damage. x2
The bullfrog barely misses you. The killer bee stings you.
* * * LOW HITPOINT WARNING * * *
The killer bee stings you but does no damage.
The bullfrog hits you.
* * * LOW HITPOINT WARNING * * *
The killer bee stings you but does no damage.
You miss the killer bee.
The killer bee is almost dead.
Your transformation is almost over.
The killer bee stings you but does no damage.
The killer bee stings you.
You die...

..............#..........#
#########..#....##.####..#
#..#.#.###.# #..######## #..#.#.#
#.# #....)....# #########..#.#.#
#.# #.#######.# #..........#.#.#
#.# #.# #.# #.#..........#.###.#
#.#######.. #.#.#####.#....yy..#
#.##....... #.........#.....♣..##
#.##.######
#.#.#####.#......F#.###.##.# #
#.#.......#.......##....##.# #
.....####.#.......#.#.####.# #
...........................# #
.....####.#...).....#.###########
#.#..# #.#.######.##.#..........
#.#..####.#.# #.##.#.#########
..........#.## #.##.#.#


You could see a bullfrog and 2 killer bees.

Vanquished Creatures
  A cyclops (D:7)
  Grinder (D:4)
  Edmund (D:5)
  Menkaure (D:4)
  2 ice beasts (D:5)
  7 ogres
  2 phantoms
  A centaur (D:5)
  A bullfrog (D:6)
  2 howler monkeys
  2 crimson imps
  2 orc priests (D:5)
  A centaur skeleton (D:3)
  An iguana (D:4)
  5 orc wizards
  5 worker ants
  A hound zombie (D:5)
  A hound skeleton (D:6)
  5 adders
  2 shadow imps (D:5)
  An ooze (D:4)
  2 worms (D:2)
  A dart slug (D:1)
  6 leopard geckos
  19 orcs
  3 bats (D:1)
  5 giant cockroaches
  A goblin (D:2)
  7 hobgoblins
  15 jackals
  2 quokkas (D:4)
  A ball python (D:5)
  A ball python skeleton (D:4)
  4 frilled lizards
  7 kobolds
  A leopard gecko zombie (D:5)
  A quokka skeleton (D:4)
  3 rats
124 creatures vanquished.

Notes
Turn   | Place    | Note
-------+----------+-------------------------------------------
     0 | D:1      | Iamsoldier the Gargoyle Fighter began the quest for the
                  | Orb.
     0 | D:1      | Reached XP level 1. HP: 14/14 MP: 1/1
    68 | D:1      | Reached XP level 2. HP: 15/19 MP: 2/2
   641 | D:2      | Reached XP level 3. HP: 24/24 MP: 3/3
  1410 | D:3      | Found a sacrificial altar of Ru.
  1442 | D:3      | Reached skill level 4 in Fighting
  1499 | D:3      | Reached XP level 4. HP: 4/29 MP: 4/4
  1983 | D:3      | Reached XP level 5. HP: 34/34 MP: 5/5
  2070 | D:3      | Found a glowing golden altar of the Shining One.
  2165 | D:3      | Found a blossoming altar of Fedhas.
  2608 | D:4      | Noticed Grinder
  2636 | D:4      | Paralysed by Grinder for 4 turns
  2648 | D:4      | Paralysed by Grinder for 5 turns
  2665 | D:4      | Killed Grinder
  2665 | D:4      | Reached skill level 5 in Fighting
  2665 | D:4      | Reached XP level 6. HP: 6/40 MP: 6/6
  3067 | D:4      | Found a sparkling altar of Nemelex Xobeh.
  3077 | D:4      | Noticed a phantom
  3142 | D:4      | Reached XP level 7. HP: 43/44 MP: 7/7
  3268 | D:4      | Found a staircase to the Ecumenical Temple.
  3270 | D:4      | Found a snail-covered altar of Cheibriados.
  3276 | Temple   | Entered the Ecumenical Temple
  3321 | Temple   | Became a worshipper of Warmaster Okawaru
  3436 | D:4      | Reached skill level 6 in Fighting
  3436 | D:4      | Reached skill level 5 in Maces & Flails
  3535 | D:4      | Noticed Menkaure
  3555 | D:4      | Killed Menkaure
  3555 | D:4      | Reached skill level 5 in Armour
  3555 | D:4      | Reached skill level 5 in Shields
  3798 | D:4      | Found a bloodstained altar of Trog.
  3949 | D:5      | Entered Level 5 of the Dungeon
  3981 | D:5      | Reached XP level 8. HP: 32/52 MP: 8/8
  4184 | D:5      | Found a shattered altar of Ashenzari.
  4220 | D:5      | Reached * piety under Okawaru
  4495 | D:5      | Got a steaming bronze ring
  4506 | D:5      | Noticed Edmund
  4558 | D:5      | Killed Edmund
  4558 | D:5      | Reached skill level 7 in Fighting
  5500 | D:6      | Reached XP level 9. HP: 58/58 MP: 9/9
  5522 | D:6      | Reached ** piety under Okawaru
  5743 | D:6      | Reached skill level 8 in Fighting
  6404 | D:7      | Noticed a cyclops
  6419 | D:7      | Killed a cyclops
  6455 | D:6      | Slain by a killer bee

Levels and vault maps discovered:
D:1:      psy_arrival_radial02, layout_rooms, serial_glass, glass_columns_a,
          glass_columns_a, serial_bayou_pond_e
D:2:      layout_rooms, first_ration
D:3:      layout_basic, lemuel_doored_altar, lemuel_round_altar,
          nicolae_overflow_crystal_walls
D:4:      layout_loops_cross, old_standard_altar, cheibriados_altar_1,
          minmay_temple_entry_glassed_door, serial_glass, glass_columns_c,
          glass_columns_b, glass_columns_a, glass_columns_c, glass_columns_c,
          glass_columns_b, glass_columns_b, glass_columns_a,
          trog_butcher_becter, uniq_menkaure, uniq_grinder
D:5:      layout_loops_ring, old_standard_altar, uniq_edmund
D:6:      layout_loops_ring
D:7:      layout_basic, regret_index_temple_of_mockery, kennysheep_mini_moat,
          lemuel_round_altar, kennysheep_little_box, minmay_manual_monolith
Temple:   corrupted_temple

Skill      XL: |  1  2  3  4  5  6  7  8  9 |
---------------+----------------------------+-----
Fighting       | 4 5 6 7 8 |  8.7
Maces & Flails | 3 4 5 6 7 |  7.6
Armour         | 4 5 6 |  6.5
Shields        | 4 5 6 |  6.5

Action                   |  1- 3 |  4- 6 |  7- 9 || total
-------------------------+-------+-------+-------++-------
Melee: Flail             |   183 |   151 |   439 ||   773
Invok: Heroism           |       |       |     4 ||     4
  Use: Potion            |     1 |     2 |     4 ||     7
  Eat: Chunk             |       |     8 |    11 ||    19
Armor: Scale mail        |   136 |    70 |    83 ||   289
       Chain mail        |       |       |   102 ||   102
       Skin              |       |       |    47 ||    47
Dodge: Dodged            |    63 |    33 |   130 ||   226
Block: Shield            |   105 |    57 |   248 ||   410
